 Dungeon Crawl Stone Soup version 0.23-a0-151-gf6d1ed2 (webtiles) character file.

63 Amnesiac the Chiller (level 3, -3/24 HPs)
             Began as a Mummy Ice Elementalist on Sept 8, 2018.
             Shot with an arrow by a centaur (6 damage)
             ... on level 5 of the Dungeon.
             The game lasted 00:02:17 (837 turns).

Amnesiac the Chiller (Mummy Ice Elementalist)        Turns: 837, Time: 00:02:17

Health: -3/24      AC:  2    Str: 11    XL:     3   Next: 87%
Magic:  8/8        EV: 12    Int: 18    God:
Gold:   17         SH:  0    Dex: 12    Spells: 8/9 levels left

rFire    x . .     SeeInvis +   f - -1 trident (curse)
rCold    + . .     Gourm    .   (no shield)
rNeg     + + +     Faith    .   a - +0 robe
rPois    ∞         Spirit   .   (no helmet)
rElec    .         Reflect  .   (no cloak)
rCorr    .         Harm     .   (no gloves)
MR       .....                  (no boots)
Stlth    ++........             (no amulet)
HPRegen  0.08/turn              g - +3 ring of intelligence
MPRegen  0.11/turn              d - ring of see invisible (curse)

@: no status effects
A: no food or potions, fire vulnerability, cold resistance 1, negative energy
resistance 3, torment resistance, unbreathing
a: no special abilities


You were on level 5 of the Dungeon.
You were not hungry.

You visited 2 branches of the dungeon, and saw 6 of its levels.

You collected 17 gold pieces.

Inventory:

Hand Weapons
 c - a +0 short sword
 f - a cursed -1 trident (weapon)
Armour
 a - a +0 robe (worn)
Jewellery
 b - an uncursed ring of flight
 d - a cursed ring of see invisible (right hand)
 g - a +3 ring of intelligence (left hand)
Scrolls
 e - a scroll of identify {!r}


   Skills:
 - Level 1.5 Dodging
 - Level 1.5 Stealth
 + Level 3.5 Spellcasting
   Level 0.7 Conjurations
 * Level 3.6 Ice Magic


You had 8 spell levels left.
You knew the following spells:

 Your Spells              Type           Power        Failure   Level  Hunger
a - Freeze                Ice            ###.         3%          1    N/A

Your spell library contained the following spells:

 Spells                   Type           Power        Failure   Level  Hunger
 Throw Frost              Conj/Ice       ##....       10%         2    N/A
 Ozocubu's Armour         Chrm/Ice       #.......     22%         3    N/A
 Throw Icicle             Conj/Ice       ##......     54%         4    N/A
 Summon Ice Beast         Ice/Summ       #.......     58%         4    N/A

Dungeon Overview and Level Annotations

Branches:
Dungeon (5/15)             Temple (1/1) D:4

Altars:
Ashenzari
Cheibriados
Elyvilon
Hepliaklqana
Kikubaaqudgha
Nemelex Xobeh
Ru
Uskayaw
Wu Jian
Zin
The Shining One

Shops:
D:4 =


Innate Abilities, Weirdness & Mutations

You do not eat or drink.
Your flesh is vulnerable to fire.
You are immune to poison.
Your flesh is cold resistant. (rC+)
You are immune to negative energy. (rN+++)
You are immune to unholy pain and torment.
You can survive without breathing.


Message History

You freeze the jelly.
The jelly is almost dead.
The jelly closely misses you.
Casting: Freeze (safe; 4% risk of failure)
Confirm with . or Enter, or press ? or * to list all spells.
Aiming: Freeze (safe; 4% risk of failure)
Press: ? - help, Shift-Dir - straight line, f/p - jelly
Aim: a jelly (almost dead)
You freeze the jelly.
You kill the jelly!
Casting: Freeze (safe; 3% risk of failure)
Confirm with . or Enter, or press ? or * to list all spells.
You can't see any susceptible monsters within range! (Use Z to cast anyway.)
You start resting.
HP restored.
You start resting.
Magic restored.
Found a fuming emerald potion.
You see here a fuming emerald potion {!q}.
There is a stone staircase leading up here.
Found a ration.
HP restored.
You see here a ration.
A quokka comes into view.
Casting: Freeze (safe; 3% risk of failure)
Confirm with . or Enter, or press ? or * to list all spells.
Aiming: Freeze (safe; 3% risk of failure)
Press: ? - help, Shift-Dir - straight line, f - quokka
Aim: a quokka (resting)
You freeze the quokka.
The quokka is moderately wounded.
The quokka closely misses you. x2
Casting: Freeze (safe; 3% risk of failure)
Confirm with . or Enter, or press ? or * to list all spells.
Aiming: Freeze (safe; 3% risk of failure)
Press: ? - help, Shift-Dir - straight line, f/p - quokka
Aim: a quokka (moderately wounded)
You miscast Freeze.
You are very lightly contaminated with residual magic.
Your hands feel numb with cold.
The quokka barely misses you.
A quokka is nearby!
Casting: Freeze (safe; 3% risk of failure)
Confirm with . or Enter, or press ? or * to list all spells.
Aiming: Freeze (safe; 3% risk of failure)
Press: ? - help, Shift-Dir - straight line, f/p - quokka
Aim: a quokka (moderately wounded)
You freeze the quokka.
You kill the quokka!
Casting: Freeze (safe; 3% risk of failure)
Confirm with . or Enter, or press ? or * to list all spells.
You can't see any susceptible monsters within range! (Use Z to cast anyway.)
You see here a quokka corpse.
Your magical contamination has completely faded away.
A centaur comes into view.
The centaur shouts!
The centaur wields a runed shortbow.
It bursts into flame!
The centaur shoots an arrow.
The arrow hits you! The arrow burns you.
You see here an arrow.
A centaur is nearby!
A centaur is nearby!
The centaur shoots an arrow.
The arrow hits you!
Ouch! That really hurt!
* * * LOW HITPOINT WARNING * * *
The arrow burns you.
You die...

♣♣ ...
####.#
.....##
.......
.......
###.....c.
#.(.......
#@#.......
#
#.####....
# #.# ###
# #.# #
###.## #
#....# #
#....#
####### #
#....#
#.....####
#....#
#.........


You could see a centaur.

Vanquished Creatures
  A jelly (D:5)
  An adder (D:2)
  An ooze (D:4)
  A leopard gecko (D:4)
  An orc (D:3)
  A goblin (D:3)
  A hobgoblin (D:3)
  3 jackals (D:5)
  3 kobolds (D:2)
  2 quokkas
  A ball python (D:5)
  A frilled lizard (D:4)
  2 rats
19 creatures vanquished.

Notes
Turn   | Place    | Note
-------+----------+-------------------------------------------
     0 | D:1      | Amnesiac the Mummy Ice Elementalist began the quest for the
                  | Orb.
     0 | D:1      | Reached XP level 1. HP: 13/13 MP: 4/4
   131 | D:2      | Reached XP level 2. HP: 14/19 MP: 1/5
   211 | D:3      | Found a white marble altar of Elyvilon.
   355 | D:5      | Entered Level 5 of the Dungeon
   441 | D:3      | Found a sparkling altar of Nemelex Xobeh.
   455 | D:4      | Found a staircase to the Ecumenical Temple.
   467 | Temple   | Entered the Ecumenical Temple
   590 | D:4      | Found Caibrash's Jewellery Emporium.
   654 | D:5      | Reached XP level 3. HP: 23/24 MP: 5/7
   836 | D:5      | Noticed a centaur
   837 | D:5      | Shot with an arrow by a centaur

Vault maps used:
D:1:      mrwooster_arrival_statue_3
D:2:      lemuel_blue_sif_altar, guppyfry_early_lair_pool
D:3:      lemuel_crystal_altar, nemelex_xobeh_ov_fountains_minmay
D:4:      nicolae_overflow_hidden_temple, grunt_temple_overflow_cloverleaf,
          minmay_temple_entry_overgrown, serial_shops, shop, shop,
          kennysheep_mini, serial_forest, infiniplex_forest_straight_5,
          infiniplex_forest_3_way, infiniplex_forest_straight_3,
          infiniplex_forest_side_room, infiniplex_forest_end_3,
          infiniplex_forest_pool, infiniplex_forest_straight_4,
          nicolae_underground_beach
D:5:      kennysheep_mini_moat, serial_shops, shop, first_ration
Temple:   dpeg_three_leaves_temple

Skill      XL: |  1  2 |
---------------+-------+-----
Ice Magic      | 3 |  3.6
Spellcasting   | 3 |  3.5
Dodging        | |  1.5
Stealth        | |  1.5
Conjurations   | |  0.7

Action                   || total
-------------------------++-------
Melee: Trident           ||     4
 Cast: Freeze            ||    31
  Use: Scroll            ||     2
Armor: Robe              ||     5
Dodge: Dodged            ||    21

Table legend:
 A = Non-vault XP
 B = Vault XP
 C = Vault XP percentage of total XP
 D = Non-vault monster count
 E = Vault monster count
 F = Vault count percentage of total count
                 A         B        C        D         E       F
            +---------+---------+-------+---------+---------+-------
      Total |      90 |       0 |   0.0 |      19 |       0 |   0.0
            +---------+---------+-------+---------+---------+-------
        D:2 |      20 |       0 |   0.0 |       6 |       0 |   0.0
        D:3 |       8 |       0 |   0.0 |       4 |       0 |   0.0
        D:4 |      11 |       0 |   0.0 |       3 |       0 |   0.0
        D:5 |      51 |       0 |   0.0 |       6 |       0 |   0.0
            +---------+---------+-------+---------+---------+-------
